 Dungeon Crawl Stone Soup version 0.23.2-1-ga50397a6bc (webtiles) character file.

Game seed: 384252452067202482

1486 Foic the Ruffian (level 8, 0/79 HPs)
             Began as a Troll Fighter on May 26, 2019.
             Slain by a gnoll sergeant
             ... wielding a +0 spear
              (7 damage)
             ... on level 6 of the Dungeon.
             The game lasted 00:09:55 (3553 turns).

Foic the Ruffian (Troll Fighter)                    Turns: 3553, Time: 00:09:56

Health: 0/79       AC:  6    Str: 26    XL:     8   Next: 50%
Magic:  7/7        EV: 10    Int:  4    God:
Gold:   340        SH:  9    Dex: 10    Spells: 7/7 levels left

rFire    + . .     SeeInvis +     - Unarmed
rCold    + . .     Gourm    +   b - +0 shield
rNeg     . . .     Faith    .   a - +0 robe
rPois    .         Spirit   .   (helmet restricted)
rElec    .         Reflect  .   m - scarf {rC+ rF+}
rCorr    .         Harm     .   (gloves unavailable)
MR       .....                  (boots unavailable)
Stlth    +.........             C - amulet of rage
HPRegen  0.63/turn              g - ring of see invisible
MPRegen  0.10/turn              (no ring)

@: no status effects
A: large, unfitting armour, claws 3, fast metabolism 3, gourmand, regeneration
1, shaggy fur 1, tough skin 3
a: Evoke Berserk Rage


You were on level 6 of the Dungeon.
You were very full.

You visited 1 branch of the dungeon, and saw 6 of its levels.

You collected 340 gold pieces.

Inventory:

Hand Weapons
 y - a +5 flail of protection
Missiles
 h - 76 poisoned needles
 l - 181 stones (quivered)
Armour
 a - a +0 robe (worn)
 b - a +0 shield (worn)
 m - a scarf of resistance (worn)
Jewellery
 g - a ring of see invisible (left claw)
 k - an uncursed amulet of faith
 C - an amulet of rage (around neck)
Wands
 p - a wand of random effects (8)
 r - a wand of polymorph (4)
Scrolls
 e - a scroll of fog {unknown}
 i - 2 scrolls of enchant armour {unknown}
 j - a scroll of immolation {unknown}
 n - a scroll of teleportation {unknown}
 q - 2 scrolls of remove curse {unknown}
 u - a scroll of blinking {unknown}
 v - a scroll of enchant weapon {unknown}
 A - a scroll of torment {unknown}
Potions
 c - a potion of might
 f - a potion of magic {unknown}
 o - a potion of flight {unknown}
 s - 2 potions of ambrosia {unknown}
 t - a potion of haste
 x - 4 potions of curing {unknown}
 z - a potion of berserk rage {unknown}
 B - 2 potions of lignification {unknown}
Comestibles
 d - 12 rations
 w - 3 chunks of flesh


   Skills:
 * Level 4.5 Fighting
 * Level 4.9 Dodging
 + Level 1.1 Stealth
 + Level 3.9 Shields
 + Level 7.0 Unarmed Combat


You had 7 spell levels left.
You didn't know any spells.
Your spell library contained the following spells:

 Spells                   Type           Power        Failure   Level  Hunger
 Flame Tongue             Conj/Fire      #....        86%         1    ##.....
 Throw Flame              Conj/Fire      #.....       95%         2    ###....
 Conjure Flame            Conj/Fire      #.......     99%         3    ####...
 Inner Flame              Hex/Fire       #.......     99%         3    ####...
 Sticky Flame             Conj/Fire      #.......     100%        4    #####..
 Fireball                 Conj/Fire      #.........   100%        5    ######.


Dungeon Overview and Level Annotations

Branches:
Dungeon (6/15)
 Temple: D:4-7

Altars:
Fedhas
Hepliaklqana
Makhleb
Uskayaw
Vehumet
Zin

Shops:
D:6 !


Innate Abilities, Weirdness & Mutations

You are too large for most types of armour.
You have claws for hands.
Your metabolism is lightning-fast.
You like to eat raw meat.
Your natural rate of healing is unusually fast.
You are covered in fur. (AC +1)
You have extremely tough skin. (AC +3)


Message History

You barely miss the gnoll sergeant.
The gnoll sergeant is moderately wounded.
The gnoll hits you but does no damage.
The gnoll sergeant hits you but does no damage.
Your shield prevents you from hitting the gnoll sergeant.
The gnoll sergeant is moderately wounded.
You block the gnoll's attack.
The gnoll sergeant hits you with a +0 spear!
You scratch the gnoll sergeant but do no damage.
The gnoll sergeant is moderately wounded.
The gnoll hits you with a +0 spear. The gnoll sergeant closely misses you.
You claw the gnoll sergeant!
The gnoll sergeant is almost dead.
You block the gnoll's attack.
The gnoll sergeant hits you with a +0 spear!
* * * LOW HITPOINT WARNING * * *
The gnoll hits you with a +0 spear!
* * * LOW HITPOINT WARNING * * *
The gnoll sergeant hits you from afar with a +0 spear!
You die...

..............#.#####...
..................# ####
...............##.# ...##
.....######....##.##....#
..........#.............#
.............#..........#
.............#..........#
....)##......#.......####
....)# ......#..@)g....#
.....# .....#.#)g.>##.####.#
.....# .....#.#.##..)......#
.....##........#.####)..###.#
.......# ####.# #.......
.....### #.# ###.#...# ##.#.#
#.# .# #.. ##.#... #.. .. #
...##### #### ##


You could see a gnoll sergeant and a gnoll.

Vanquished Creatures
  Grinder (D:6)
  Eustachio (D:5)
  Edmund (D:5)
  Duvessa (D:6)
  An ogre (D:5)
  A centaur (D:5)
  A bullfrog (D:6)
  Dowan (D:6)
  A crimson imp (D:5)
  4 hounds
  2 orc wizards (D:4)
  Natasha (thrice) (D:2)
  Terence (D:2)
  2 worker ants
  A worker ant zombie (D:5)
  Robin (D:2)
  8 gnolls
  8 adders
  An ooze (D:4)
  6 worms
  3 dart slugs (D:1)
  A leopard gecko (D:2)
  5 orcs
  4 giant cockroaches
  18 goblins
  11 hobgoblins
  3 jackals (D:3)
  2 quokkas
  A ball python (D:4)
  A ball python zombie (D:6)
  3 bats
  10 frilled lizards
  A jackal skeleton (D:5)
  9 kobolds
  A quokka skeleton (D:5)
  10 rats
129 creatures vanquished.

Notes
Turn   | Place    | Note
-------+----------+-------------------------------------------
     0 | D:1      | Foic the Troll Fighter began the quest for the Orb.
     0 | D:1      | Reached XP level 1. HP: 22/22 MP: 0/0
   188 | D:1      | Reached XP level 2. HP: 28/29 MP: 1/1
   852 | D:2      | Reached XP level 3. HP: 36/36 MP: 2/2
   892 | D:2      | Noticed Natasha
   903 | D:2      | Killed Natasha
   903 | D:2      | Reached XP level 4. HP: 45/45 MP: 3/3
   944 | D:2      | Noticed Robin
   980 | D:2      | Killed Robin
  1051 | D:2      | Noticed Terence
  1064 | D:2      | Killed Terence
  1064 | D:2      | Reached XP level 5. HP: 53/53 MP: 4/4
  1117 | D:2      | Noticed Natasha
  1125 | D:2      | Killed Natasha
  1162 | D:2      | Noticed Natasha
  1174 | D:2      | Killed Natasha
  1174 | D:2      | Reached skill level 3 in Unarmed Combat
  1761 | D:3      | Reached XP level 6. HP: 61/61 MP: 5/5
  2148 | D:4      | Reached skill level 4 in Unarmed Combat
  2550 | D:4      | Found a glowing silver altar of Zin.
  2550 | D:4      | Noticed an angel
  2634 | D:5      | Entered Level 5 of the Dungeon
  2667 | D:5      | Found a radiant altar of Vehumet.
  2670 | D:5      | Found a burning altar of Makhleb.
  2681 | D:5      | Found a hide-covered altar of Uskayaw.
  2684 | D:5      | Found a hazy altar of Hepliaklqana.
  2719 | D:5      | Found a blossoming altar of Fedhas.
  2776 | D:5      | Reached XP level 7. HP: 68/68 MP: 6/6
  2876 | D:5      | Noticed Eustachio
  2884 | D:5      | Killed Eustachio
  2884 | D:5      | Reached skill level 5 in Unarmed Combat
  3016 | D:5      | Noticed Edmund
  3030 | D:5      | Killed Edmund
  3285 | D:6      | Noticed Duvessa
  3294 | D:6      | Noticed Dowan
  3302 | D:6      | Killed Duvessa
  3302 | D:6      | Reached skill level 6 in Unarmed Combat
  3302 | D:6      | Reached XP level 8. HP: 64/78 MP: 7/7
  3306 | D:6      | Killed Dowan
  3333 | D:6      | Reached skill level 1 in Stealth
  3348 | D:6      | Noticed Grinder
  3359 | D:6      | Killed Grinder
  3445 | D:6      | Found Qiotuyfenix's Distillery.
  3543 | D:6      | Reached skill level 7 in Unarmed Combat
  3553 | D:6      | Slain by a gnoll sergeant

Skill      XL: |  1  2  3  4  5  6  7  8 |
---------------+-------------------------+-----
Dodging        | 3 4 |  4.9
Fighting       | 3 4 |  4.5
Unarmed Combat | 3 4 6 7 |  7.0
Shields        | 3 |  3.9
Stealth        | 1 |  1.1

Action                   |  1- 3 |  4- 6 |  7- 9 || total
-------------------------+-------+-------+-------++-------
Melee: Unarmed           |    71 |   219 |    91 ||   381
  Use: Scroll            |       |     2 |       ||     2
  Eat: Chunk             |    14 |    17 |     7 ||    38
Armor: Robe              |    13 |    46 |    19 ||    78
       Skin              |       |     4 |       ||     4
Dodge: Dodged            |    24 |    43 |    26 ||    93
Block: Shield            |    20 |    71 |    43 ||   134
